 Dungeon Crawl Stone Soup version 0.29.0-13-gc9e81de378 (webtiles) character file.

Game seed: 18206981725441787790

675 concernfroge the Fighter (level 6, -9/57 HPs)
             Began as a Mummy Monk on Sept 8, 2022.
             Was a Follower of Ru.
             Killed by divine providence
             ... invoked by an orc priest
              (12 damage)
             ... on level 6 of the Dungeon.
             The game lasted 00:13:49 (5994 turns).

concernfroge the Fighter (Mummy Monk)               Turns: 5994, Time: 00:13:51

Health: -9/57      AC:  9    Str: 17    XL:     6   Next: 33%
Magic:  6/6        EV:  7    Int:  9    God:    Ru [*.....]
Gold:   260        SH:  0    Dex: 14    Spells: 5/5 levels left

rFire   . . .      SeeInvis .   k - +0 halberd
rCold   . . .      Faith    .   (shield currently unavailable)
rNeg    + + +      Spirit   .   h - +0 chain mail
rPois   ∞          Reflect  .   (no helmet)
rElec   .          Harm     .   b - +0 cloak
rCorr   .          Rampage  .   (no gloves)
Will    .....                   (no boots)
Stlth   ..........              (no amulet)
HPRegen 0.19/turn               d - ring of fire
MPRegen 0.10/turn               (no ring)

@: no status effects
A: cold resistance 1, negative energy resistance 3, torment resistance 2, heat
vulnerability 1, inexperienced 1, in touch with death 1, no potions
a: Renounce Religion


You were on level 6 of the Dungeon.
You worshipped Ru.
Ru was aware of your devotion.
You visited 2 branches of the dungeon, and saw 7 of its levels.

You collected 260 gold pieces.

Inventory:

Hand Weapons
 a - a +0 spear
 k - a +0 halberd (weapon)
Missiles
 e - 2 atropa-tipped darts
 f - 4 poisoned darts (quivered)
Armour
 b - a +0 cloak (worn)
 h - a +0 chain mail (worn)
Jewellery
 d - a ring of fire (left hand)
Scrolls
 c - a scroll of fear
 g - 2 scrolls of immolation
 j - a scroll of noise
 l - a scroll of magic mapping {unknown}
 m - a scroll of identify


   Skills:
 + Level 8.6 Fighting
 - Level 2.4 Polearms
 - Level 2.4 Dodging
 - Level 1.5 Stealth


You had 5 spell levels left.
You didn't know any spells.
Your spell library contained the following spells:

 Spells                   Type           Power      Damage    Failure   Level
 Freeze                   Ice            0%         1d3       100%        1
 Frozen Ramparts          Ice            0%         1d1       100%        3
 Ozocubu's Armour         Ice            0%         N/A       100%        3
 Hailstorm                Conj/Ice       0%         3d3       100%        4
 Ozocubu's Refrigeration  Ice            0%         4d7       100%        7


Dungeon Overview and Level Annotations

Branches:
Dungeon (6/15)             Temple (1/1) D:5

Altars:
Ashenzari
Cheibriados
Dithmenos
Hepliaklqana
Kikubaaqudgha
Makhleb
Nemelex Xobeh
Qazlal
Ru
Trog
Uskayaw
Vehumet
Yredelemnul


Innate Abilities, Weirdness & Mutations

You are immune to poison.
Your flesh is cold resistant. (rC+)
You are immune to negative energy. (rN+++)
You are immune to unholy pain and torment.
You are vulnerable to heat. (rF-)
You are somewhat inexperienced. (-1 XL)
You are in touch with the powers of death.
You do not drink.


Message History

You barely miss the iguana.
The iguana is severely wounded.
The iguana barely misses you.
The orc shouts!
You slash the iguana!
You kill the iguana!
You hear a shout! x2
You hit the orc.
The orc is almost dead.
The orc barely misses you.
The orc is stunned by your conviction and fails to attack.
You hit the orc.
You kill the orc!
An orc priest comes into view. It is wielding a +0 flail.
You slash the ice beast!
The ice beast is heavily wounded.
The ice beast hits you but does no damage.
The ice beast barely misses you.
You hit the ice beast but do no damage.
The ice beast is heavily wounded.
The ice beast hits you. The ice beast freezes you!
You hit the ice beast.
The ice beast is heavily wounded.
The ice beast hits you but does no damage.
An orc priest comes into view. It is wielding a +0 sling.
You slash the ice beast!
The ice beast is severely wounded.
The orc priest shoots a sling bullet.
The sling bullet hits you but does no damage.
The ice beast hits you. The ice beast freezes you. The ice beast hits you.
The ice beast freezes you!
* * * LOW HITPOINT WARNING * * *
As you read the scroll of summoning, it crumbles to dust.
Wisps of shadow whirl around you... The ice beast hits you.
* * * LOW HITPOINT WARNING * * *
The ice beast freezes you!
* * * LOW HITPOINT WARNING * * *
The orc priest calls down the wrath of Beogh upon you.
Beogh smites you!
You die...

## .# ###### ##.## ##
#....#### .#..
..#########.#....<# ...
...............#######
.l#.........####.........#
....# . #.######5....#.
<.# #...oY@Jo.#.....
.......# ..########.#..#..
##.###.# .# .# K# .# Y .#
.. .. ## ##


You could see an ice beast, 2 orc priests, a friendly jelly (summoned) and a
friendly white imp (summoned).

Vanquished Creatures
  3 jellies (D:5)
  4 hounds
  3 orc priests (D:4)
  4 iguanas
  2 orc wizards (D:4)
  5 gnolls
  8 adders
  2 white imps (D:5)
  3 dart slugs
  9 orcs
  9 endoplasms
  2 giant cockroaches
  2 goblins
  2 hobgoblins
  2 quokkas (D:5)
  8 ball pythons
  3 bats (D:1)
  3 frilled lizards
  6 kobolds
  5 rats
85 creatures vanquished.

Notes
Turn   | Place    | Note
-------+----------+-------------------------------------------
     0 | D:1      | concernfroge the Mummy Monk began the quest for the Orb.
     0 | D:1      | Reached XP level 1. HP: 18/18 MP: 1/1
    89 | D:1      | Reached XP level 2. HP: 21/24 MP: 2/2
   304 | D:1      | Reached skill level 4 in Fighting
   655 | D:1      | Found a faded altar of an unknown god.
   679 | D:1      | Gained mutation: You are in touch with the powers of death.
                  | [Mummy growth]
   679 | D:1      | Reached XP level 3. HP: 27/30 MP: 3/3
  1148 | D:2      | You fall into a shaft and drop 1 floor!
  1275 | D:3      | Found a snail-covered altar of Cheibriados.
  1291 | D:3      | Found a broken altar of Ashenzari.
  1911 | D:3      | Reached skill level 5 in Fighting
  1911 | D:3      | Reached XP level 4. HP: 39/39 MP: 4/4
  3140 | D:4      | Reached XP level 5. HP: 14/46 MP: 5/5
  3620 | D:4      | Reached skill level 6 in Fighting
  4224 | D:4      | Reached XP level 6. HP: 43/53 MP: 6/6
  4305 | D:5      | Entered Level 5 of the Dungeon
  4317 | D:5      | Reached skill level 7 in Fighting
  4552 | D:6      | Noticed a sky beast
  4552 | D:6      | Noticed an ice beast
  4852 | D:5      | Found a staircase to the Ecumenical Temple.
  4858 | Temple   | Entered the Ecumenical Temple
  5126 | Temple   | Became a worshipper of Ru the Awakened
  5127 | Temple   | Gained mutation: You are somewhat inexperienced. (-1 XL)
                  | [Ru sacrifice]
  5127 | Temple   | Reached XP level 5. HP: 49/49 MP: 5/5
  5127 | Temple   | Reached * piety under Ru
  5191 | D:5      | Reached skill level 8 in Fighting
  5191 | D:5      | Reached XP level 6. HP: 43/56 MP: 6/6
  5994 | D:6      | Killed from afar by an orc priest

Illustrated notes

Levels and vault maps discovered:
D:1:      lightli_iron_boxes, layout_basic, chequers_ecumenical_altar_island
D:2:      layout_loops_ring, basic_altar, uniq_jessica, uniq_sigmund
D:3:      layout_loops_corners, mainiacjoe_overflow_large_starburst
D:4:      cheibrodos_quashed, layout_basic
D:5:      layout_gridville, minmay_temple_entry_fiery,
          chequers_serial_rivers_room_b
D:6:      layout_basic
Temple:   oiseaux_autumnal_temple

Skill      XL: |  1  2  3  4  5  6 |
---------------+-------------------+-----
Fighting       | 4 5 8 7 |  8.6
Polearms       | |  2.4
Dodging        | |  2.4
Stealth        | |  1.5

Action                   |  1- 3 |  4- 6 || total
-------------------------+-------+-------++-------
Melee: Spear             |   155 |   120 ||   275
       Punch             |     3 |     1 ||     4
       Halberd           |       |   151 ||   151
Throw: Dart              |     2 |    38 ||    40
Invok: Sacrifice Experie |       |     1 ||     1
  Use: Scroll            |       |     7 ||     7
 Stab: Sleeping          |     7 |       ||     7
Armor: Robe              |     9 |       ||     9
       Chain mail        |    13 |   142 ||   155
       Ring mail         |     6 |       ||     6
Dodge: Dodged            |    61 |    96 ||   157
